 Dungeon Crawl Stone Soup version 0.32-a0-12-g7fc57aa741 (webtiles) character file.

Game seed: 9245241705864127380

676548 James the Victor of a Thousand Battles (level 27, 0/166 (179) HPs)
             Began as a Demonspawn Gladiator on Jan 13, 2024.
             Was the Champion of Okawaru.
             Killed from afar by a starcursed mass (8 damage)
             ... with an accursed screaming
             ... on level 6 of the Abyss on Jan 14, 2024.
             The game lasted 05:15:49 (77465 turns).

James the Victor of a Thousand Battles (DsGl)      Turns: 77465, Time: 05:15:50

HP:   0/166 (179)   AC: 44    Str: 21    XL:     27
MP:   0/41          EV: 31    Int:  8    God:    Okawaru [******]
Gold: 5213          SH: 25    Dex: 27    Spells: 26/26 levels left

rFire   + + .        a - +8 double sword (flame)
rCold   + + +        K - +0 tower shield {rC+}
rNeg    + + .        R - +5 gold dragon scales
rPois   +            c - +2 helmet
rElec   .            j - +4 dragonskin cloak
rCorr   .            C - +0 pair of gloves "Pumom" {MP+9 Dex+2}
SInv    .            (boots unavailable)
Will    +++..        O - amulet of the acrobat Stlth
                     W - +6 ring of strength
HPRegen 0.00/turn    s - ring "Nidareab" {rF+ rN++ Will+}
MPRegen 0.54/turn

%: acrobat, guardian spirit
@: on berserk cooldown, acrobatic, on word of chaos cooldown, sick, hasted and
slowed, studying Polearms, drained, unable to drink
A: hooves 3, spiny 3, magic shield, magic regeneration, magic link, sharp scales
3, corrupting presence 2, word of chaos, agile 1, cold resistance 1, inability
to drink after injury 1, noise suppression, [dopey 1], [frail 2], [low MP 2],
([teleportitis 2]), [weak 2]
0: Orb of Zot
}: 3/15 runes: decaying, silver, gossamer
a: Word of Chaos, Renounce Religion, Heroism, Finesse, Duel, Receive Armour


You were on level 6 of the Abyss.
You worshipped Okawaru.
Okawaru was exalted by your worship.
You visited 10 branches of the dungeon, and saw 50 of its levels.
You visited the Abyss 3 times.
You also visited: Ice Cave, Volcano and Wizlab.

You collected 9539 gold pieces.
You spent 4326 gold pieces at shops.

Inventory:

Hand Weapons
 a - a +8 double sword of flaming (weapon)
   (Okawaru gifted it to you on level 14 of the Dungeon)
 b - a +2 hand cannon of flaming
   (You found it on level 3 of the Realm of Zot)
Missiles
 h - 72 poisoned darts
 m - 39 javelins
 q - 16 datura-tipped darts
 t - 6 darts of dispersal {!f}
 y - 12 throwing nets {!f}
 A - 7 silver javelins (quivered)
 G - 25 curare-tipped darts {!f}
 U - 35 atropa-tipped darts
Armour
 c - a +2 helmet (worn)
   (You found it on level 3 of the Depths)
 j - the +4 dragonskin cloak (worn)
   (You took it off Tiamat on level 3 of the Realm of Zot)

   Avatar's Aegis: It grants the wearer a chance to resist fire, cold, poison,
   electricity, acid, and negative energy.
 r - the +0 cloak of Fengum Ywna {Regen+ Str+4}
   (You acquired it on level 5 of the Lair of Beasts)

   Str+4:     It affects your strength (+4).
   Regen+:    It increases your rate of health regeneration.
 C - the +0 pair of gloves "Pumom" (worn) {MP+9 Dex+2}
   (You found it on level 3 of the Elven Halls)

   Dex+2:     It affects your dexterity (+2).
   MP+9:      It affects your magic capacity (+9).
 K - a +0 tower shield of cold resistance (worn)
   (You found it in an ice cave)
 R - +5 gold dragon scales (worn)
   (You found it on level 3 of the Depths)
Jewellery
 o - a ring of protection from cold
   (You found it on level 9 of the Dungeon)
 s - the ring "Nidareab" (right hand) {rF+ rN++ Will+}
   (You bought it in a shop on level 2 of the Depths)

   [ring of willpower]

   rF+:       It protects you from fire.
   rN++:      It greatly protects you from negative energy.
   Will+:     It increases your willpower.
 x - a ring of resist corrosion
   (You found it on level 3 of the Spider Nest)
 I - a ring of flight
   (You took it off a spriggan rider on level 3 of the Depths)
 M - the ring of Haru {rPois Int+4 SInv}
   (You bought it in a shop on level 15 of the Dungeon)

   [ring of see invisible]

   Int+4:     It affects your intelligence (+4).
   rPois:     It protects you from poison SInv: It lets you see invisible.
 O - an amulet of the acrobat (around neck)
   (You found it on level 2 of the Swamp)
 W - a +6 ring of strength (left hand)
   (You found it on level 6 of the Dungeon)
 X - a +4 ring of slaying
   (You found it on level 4 of the Realm of Zot)
Wands
 d - a wand of iceblast (50)
   (You found it on level 8 of the Dungeon)
 f - a wand of mindburst (44)
   (You found it on level 2 of the Vaults)
 i - a wand of polymorph (52)
   (You found it on level 8 of the Dungeon)
 v - a wand of digging (12)
   (You found it on level 9 of the Dungeon)
 H - a wand of light (77)
   (You found it on level 5 of the Dungeon)
Scrolls
 e - 13 scrolls of fear
 k - 6 scrolls of blinking
 z - a scroll of revelation
 E - 8 scrolls of fog
 F - 5 scrolls of silence
 N - 22 scrolls of teleportation {@r4}
 V - 10 scrolls of immolation {!r}
 Y - 8 scrolls of vulnerability {!r}
Potions
 g - 6 potions of invisibility
 l - 9 potions of enlightenment
 n - 6 potions of ambrosia
 p - 6 potions of mutation {!q}
 u - 17 potions of curing {@q1}
 w - 6 potions of magic
 B - 4 potions of cancellation
 L - 6 potions of heal wounds {@q2}
 P - 4 potions of resistance
 Q - 6 potions of might
 S - 9 potions of haste {@q3}
 Z - a potion of berserk rage
Miscellaneous
 D - a phial of floods
   (You found it on level 5 of the Vaults)
 J - a tin of tremorstones (2/2)
   (You found it on level 5 of the Vaults)
 T - a lightning rod (4/4) {!a}
   (You found it on level 3 of the Depths)


   Skills:
 + Level 20.0 Fighting
 + Level 20.0 Long Blades
 - Level 6.0 Throwing
 * Level 22.4 Armour
 - Level 18.0 Dodging
 + Level 19.9 Shields
 O Level 27 Invocations
 - Level 12.0 Evocations


You had 26 spell levels left.
You didn't know any spells.
Your spell library contained the following spells:

 Spells                   Type           Power      Damage    Failure   Level
 Apportation              Tloc           0%         N/A       100%        1
 Foxfire                  Conj/Fire      0%         2x1d4     100%        1
 Freeze                   Ice            0%         1d3       100%        1
 Kiss of Death            Conj/Necr      0%         2d5       100%        1
 Magic Dart               Conj           0%         1d3       100%        1
 Necrotise                Necr           0%         1d4       100%        1
 Shock                    Conj/Air       0%         1d3       100%        1
 Blink                    Tloc           0%         N/A       100%        2
 Cigotuvi's Dreadful Rot  Necr/Alch/Air  0%         N/A       100%        2
 Ensorcelled Hibernation  Hex/Ice        0%         N/A       100%        2
 Jinxbite                 Hex            0%         N/A       100%        2
 Lesser Beckoning         Tloc           0%         N/A       100%        2
 Mercury Vapours          Alch/Air       0%         N/A       100%        2
 Momentum Strike          Conj/Tloc      0%         3d8       100%        2
 Searing Ray              Conj           0%         2d4       100%        2
 Static Discharge         Conj/Air       0%         3-3/arc   100%        2
 Confusing Touch          Hex            0%         N/A       100%        3
 Dazzling Flash           Conj/Hex       0%         N/A       100%        3
 Frozen Ramparts          Ice            0%         1d1       100%        3
 Fugue of the Fallen      Necr           0%         N/A       100%        3
 Hailstorm                Conj/Ice       0%         3d5       100%        3
 Inner Flame              Hex/Fire       0%         N/A       100%        3
 Mephitic Cloud           Conj/Alch/Air  0%         N/A       100%        3
 Ozocubu's Armour         Ice            0%         N/A       100%        3
 Passwall                 Erth           0%         N/A       100%        3
 Stone Arrow              Conj/Erth      0%         3d7       100%        3
 Swiftness                Air            0%         N/A       100%        3
 Vampiric Draining        Necr           0%         2d6       100%        3
 Volatile Blastmotes      Fire/Tloc      0%         2d10      100%        3
 Airstrike                Air            0%         2d(0-16)  100%        4
 Anguish                  Hex/Necr       0%         N/A       100%        4
 Brom's Barrelling Bould  Conj/Erth      0%         2d3       100%        4
 Cause Fear               Hex            0%         N/A       100%        4
 Dispel Undead            Necr           0%         3d6       100%        4
 Fulminant Prism          Conj/Alch      0%         3d5       100%        4
 Ignite Poison            Fire/Alch      0%         N/A       100%        4
 Iskenderun's Mystic Bla  Conj/Tloc      0%         2d3       100%        4
 Leda's Liquefaction      Alch/Erth      0%         N/A       100%        4
 Manifold Assault         Tloc           0%         N/A       100%        4
 Olgreb's Toxic Radiance  Alch           0%         N/A       100%        4
 Passage of Golubria      Tloc           0%         N/A       100%        4
 Sticky Flame             Fire/Alch      0%         2d4       100%        4
 Vhi's Electric Charge    Tloc/Air       0%         N/A       100%        4
 Alistair's Intoxication  Alch           0%         N/A       100%        5
 Arcjolt                  Conj/Air       0%         1d10      100%        5
 Curse of Agony           Necr           0%         N/A       100%        5
 Fireball                 Conj/Fire      0%         3d3       100%        5
 Freezing Cloud           Conj/Ice/Air   0%         6-21      100%        5
 Irradiate                Conj/Alch      0%         3d11      100%        5
 Iskenderun's Battlesphe  Conj           0%         2d6       100%        5
 Silence                  Hex/Air        0%         N/A       100%        5
 Bombard                  Conj/Erth      0%         9d1       100%        6
 Conjure Ball Lightning   Conj/Air       0%         3x3d6     100%        6
 Plasma Beam              Fire/Air       0%         2x1d10    100%        6
 Starburst                Conj/Fire      0%         6d3       100%        6
 Orb of Destruction       Conj           0%         9d5       100%        7
 Ozocubu's Refrigeration  Ice            0%         4d7       100%        7
 Discord                  Hex            0%         N/A       100%        8
 Ignition                 Fire           0%         3d3       100%        8
 Lehudib's Crystal Spear  Conj/Erth      0%         10d2      100%        8
 Maxwell's Capacitive Co  Air            0%         ∞         100%        8
 Chain Lightning          Conj/Air       0%         N/A       100%        9
 Death's Door             Necr           0%         N/A       100%        9
 Call Imp                 Summ           Unusable   N/A       N/A         2
 Summon Ice Beast         Ice/Summ       Unusable   N/A       N/A         3
 Tukima's Dance           Hex            Unusable   N/A       N/A         3
 Animate Dead             Necr           Unusable   N/A       N/A         4
 Martyr's Knell           Necr/Summ      Unusable   N/A       N/A         4
 Summon Blazeheart Golem  Fire/Summ      Unusable   N/A       N/A         4
 Summon Lightning Spire   Summ/Air       Unusable   N/A       N/A         4
 Haunt                    Necr/Summ      Unusable   N/A       N/A         7
 Spellforged Servitor     Conj/Summ      Unusable   N/A       N/A         7
 Dragon's Call            Summ           Unusable   N/A       N/A         9

Dungeon Overview and Level Annotations

Branches:
Dungeon (15/15)            Temple (0/1) D:7            Lair (5/5) D:10
  Swamp (4/4) Lair:2       Spider (4/4) Lair:2        Slime (0/5) Lair:5
    Orc (2/2) D:10            Elf (3/3) Orc:2        Vaults (5/5) D:14
  Crypt (3/3) Vaults:2       Tomb (0/3) Crypt:3      Depths (4/4) D:15
    Zot (5/5) Depths:4      IceCv (visited)         Volcano (visited)
 WizLab (visited)

Altars:
Fedhas
Kikubaaqudgha
Makhleb
Okawaru
Ru
Uskayaw
Vehumet
Wu Jian
Xom
Yredelemnul
Jiyva

Shops:
D:1 (   D:10 (   D:15 =   Orc:2 :(=:   Elf:1 [*   Vaults:1 [   Depths:2 *

Portals:
Hell: Depths:1 Depths:2 Depths:3 Depths:4
Abyss: Depths:3
Pandemonium: Depths:1 Depths:2 Depths:3
Ziggurat: Depths:2

Annotations:
Elf:2 3 runed translucent doors
Elf:3 3 runed translucent doors, Tanlil's ghost, adept MfGl
Crypt:1 exclusion: downstairs
Zot:2 1 runed translucent door, grothendieck's ghost, legendary KoHs
Zot:3 2 transporters, exclusion: orange crystal statue, paavali's ghost, master OpSh
Zot:5 1 runed translucent door, Ryuz's ghost, legendary MeAl


Innate Abilities, Weirdness & Mutations

You have hooves in place of feet.
You are completely covered in sharp spines.
When hurt, damage is shared between your health and your magic reserves.
You regenerate magic rapidly.
When low on magic, you restore magic in place of health.
You are completely covered in razor-sharp scales. (AC +3, Slay +3)
Your presence sometimes corrodes or deforms those you injure.
You can speak a Word of Chaos.
You are agile. (Dex +4, Str/Int -1)
Your flesh is cold resistant. (rC+)
You occasionally lose the ability to drink potions when taking damage.
You passively dampen the noise of your surroundings.
[You are dopey. (Int -2)]
[You are very frail. (-20% HP)]
[Your magical capacity is very low. (-20% MP)]
[((You are often teleported next to monsters.))]
[You are very weak. (Str -4)]


Message History

The freezing wraith closely misses you. You block the freezing wraith's attack.
A starcursed mass splits.
You cut the freezing wraith into ribbons!!!
You burn the freezing wraith!
You destroy the freezing wraith!
Okawaru accepts your kill.
You are no longer berserk.
You are exhausted.
You feel yourself slow down.
You block the thrashing horror's attack.
The thrashing horror misses you. The thrashing horror tramples you.
* * * LOW HITPOINT WARNING * * *
You hold your ground!
You block the thrashing horror's attack.
You cannot drink potions in your current state!
Activating: Word of Chaos (5% risk of failure)
Press: ? - help, Dir - look around, f - activate You speak a word of chaos!
The thrashing horror blinks!
The raiju blinks! x2
The large abomination blinks!
The raiju blinks!
The ufetubus blinks!
The ufetubus is caught in a web!
The starcursed mass blinks!
The starcursed mass seems to slow down.
The ufetubus blinks!
The ynoxinul blinks!
The raiju blinks!
The raiju is caught in a web!
The starcursed mass blinks!
The ufetubus blinks! x2
The starcursed mass blinks! x3; The thrashing horror blinks!
The thrashing horror is caught in a web!
The raiju blinks!
The large abomination blinks!
The wretched star blinks!
The ufetubus blinks!
The thrashing horror blinks!
The thrashing horror seems to slow down.
The lich blinks!
The starcursed mass blinks!
You feel drained.
The raiju struggles to get unstuck from the web.
A bone dragon comes into view.
Blink to where?
Press: ? - help, Dir - move target
As you read the scroll of blinking, it crumbles to dust.
The raiju struggles to get unstuck from the web.
Okay, then.
Blink to where?
Press: ? - help, Dir - move target A raiju and a large abomination come into view.
As you read the scroll of blinking, it crumbles to dust.
The raiju barks!
You hear a roar!
The raiju tears the web.
You hear a bark! 3 raiju come into view.
You are no longer corroded.
The raiju barks! x2; You hear a bark! x2
A starcursed mass splits.
The large abomination hits you but does no damage.
A chorus of shrieks assaults your mind.
You die...

#..##..#. #.#. ###
##''..§.# h .#§.
#..###''...##L. §§5
....#.X#...##§§# .
.......X.h3#X§ #
'#....#...#†# #..
##.hXX.X†G#
.....###.###5##†3.5.#
#...@X# # .5 §#D.
.......'#....3h.§..
#.
.......#.#...##X....
. .......
...hh.#..#..X#
#.....#
h.....X.#..... ......
...X...#...... ######
h##.X#. .. ..#


You could see 4 starcursed masses, a lich, 2 thrashing horrors, a large
abomination, 2 smoke demons and 7 raiju.

Vanquished Creatures
  5 dread liches
  Tiamat (Zot:3)
  5 orbs of fire (Zot:5)
  3 ancient liches
  Mara (Swamp:3)
  A juggernaut (Depths:3)
  A pandemonium lord (Depths:3)
  A shard shrike (Zot:2)
  the Lernaean hydra (Arena)
  Margery (Depths:4)
  7 Killer Klowns
  3 curse toes
  Saint Roka (Elf:2)
  24 golden dragons
  Jory (Depths:3)
  Arachne (Spider:3)
  Norris (Elf:3)
  3 bone dragons
  3 electric golems
  Jorgrun (Orc:1)
  A hellephant (Depths:4)
  24 tentacled monstrosities
  A walking crystal tome (Depths:3)
  28 Orb Guardians
  Rupert (D:14)
  7 liches
  The ghost of Luntosch the Markskobold, an adept KoCK of Okawaru (Spider:3)
  2 deep elf blademasters (Elf:3)
  Mlioglotl (Spider:3)
  2 walking divine tomes
  2 acid blobs (Zot:2)
  6 titans
  7 quicksilver dragons
  2 deep elf master archers (Elf:3)
  A tentacled starspawn (Abyss:6)
  7 sphinxes
  2 ancient champions
  Gastronok (Lair:1)
  8 death cobs
  16 shadow dragons
  21 storm dragons
  Donald (Spider:2)
  7 tengu reavers
  6 protean progenitors
  2 revenants (Crypt:2)
  5 draconian monks
  A fenstrider witch (Swamp:2)
  Louise (D:15)
  15 fire giants
  8 emperor scorpions
  18 frost giants
  3 deep elf sorcerers (Elf:3)
  5 draconian knights
  5 iron dragons
  A juggernaut zombie (Crypt:3)
  20 vault wardens
  8 draconian shifters
  3 deep elf elementalists (Elf:3)
  4 draconian scorchers
  2 balrugs (Zot:2)
  3 curse skulls
  8 draconian annihilators
  8 spriggan defenders
  5 ghost moths
  3 orc warlords
  8 draconian stormcallers
  A reaper (IceCv)
  10 ghouls
  18 ironbound preservers
  14 stone giants
  3 formless jellyfish
  6 broodmothers
  49 very ugly things
  6 deep elf death magi
  6 ironbound thunderhulks
  A lorocyproca (Zot:1)
  23 black draconians
  15 green draconians
  10 vampire knights
  9 eleionomae
  17 yellow draconians
  4 deep elf demonologists (Elf:3)
  8 deep elf annihilators
  4 war gargoyles (Crypt:3)
  3 dire elephants (Vaults:2)
  9 red draconians
  10 bunyips
  21 white draconians
  8 purple draconians
  7 spark wasps
  An orange crystal statue (WizLab)
  A blizzard demon (Depths:4)
  3 crystal guardians (Crypt:3)
  An eidolon (Crypt:1)
  Josephine (Lair:3)
  Snorg (D:10)
  10 ettins
  A green death (Depths:1)
  16 fire dragons
  14 yaktaur captains
  3 entropy weavers
  6 deep elf high priests
  A fire dragon (shapeshifter) (Depths:2)
  7 jiangshi
  6 great orbs of eyes
  Fannar (D:10)
  4 rakshasas
  2 spriggan zombies
  A ghost crab (Swamp:1)
  20 hydras
  Harold (Orc:1)
  12 ice dragons
  31 vault guards
  3 spriggan air magi
  13 ironbound frosthearts
  3 ogre magi
  2 death knights
  A peacekeeper (Vaults:2)
  A spriggan skeleton (Crypt:3)
  17 centaur warriors
  5 alligators
  2 satyrs (Zot:3)
  3 catoblepae (Lair:5)
  19 dancing weapons
  A fenstrider witch skeleton (Crypt:1)
  4 hell hogs (Zot:1)
  7 deep troll earth magi
  4 death yaks (Lair:5)
  19 two-headed ogres
  3 radroaches
  10 deep troll shamans
  5 boulder beetles
  5 tengu warriors
  5 vampire magi
  13 thrashing horrors
  2 titan zombies
  5 spriggan berserkers
  4 demonic crawlers
  Sonja (Lair:3)
  A quicksilver ooze zombie (Crypt:2)
  19 spriggans
  2 soul eaters
  Amaemon (Lair:3)
  20 deep elf knights
  30 hell knights
  A shadow wraith (Vaults:4)
  2 skysharks (Elf:3)
  2 wretched stars (Abyss:6)
  5 iron trolls
  4 goliath frogs
  An anaconda zombie (Crypt:3)
  A bunyip zombie (Crypt:3)
  A skyshark (shapeshifter) (Vaults:5)
  A death drake (Swamp:4)
  26 skeletal warriors
  3 pharaoh ants
  4 glowing orange brains
  3 flayed ghosts
  5 orb spiders
  4 spriggan druids
  A sun moth (shapeshifter) (Depths:3)
  3 mana vipers (Zot:3)
  The ghost of Fandomethor the Fighter, a novice GrFi of Okawaru (D:7)
  A deep troll (shapeshifter) (Vaults:2)
  A sun moth (Spider:1)
  66 deep trolls
  9 arcanists
  7 bog bodies
  5 steelbarb worms
  19 swamp dragons
  29 deep elf pyromancers
  4 lindwurms (Vaults:1)
  19 ironbound convokers
  18 deep elf archers
  25 deep elf zephyrmancers
  13 phantasmal warriors
  5 orc knights
  An anaconda skeleton (Crypt:1)
  An eye of devastation (shapeshifter) (Vaults:5)
  13 necromancers
  16 wolf spiders
  A glowing shapeshifter (Depths:3)
  10 harpies
  2 oklob plants (Lair:2)
  A tengu skeleton (Crypt:1)
  55 ugly things
  7 large abominations
  An iron dragon skeleton (Crypt:1)
  4 salamanders
  A faun (shapeshifter) (Vaults:5)
  25 moths of wrath
  5 orc sorcerers
  A meliai (shapeshifter) (D:13)
  4 will-o-the-wisps
  A toenail golem (Zot:1)
  A worldbinder (Abyss:6)
  2 manticores (Lair:5)
  A kobold blastminer (Orc:1)
  2 water nymphs (Swamp:2)
  8 cyclopes
  2 centaur zombies (D:13)
  13 apocalypse crabs
  3 black mambas
  Joseph (D:7)
  A molten gargoyle (D:13)
  17 elephants
  2 ice statues (IceCv)
  An alligator snapping turtle zombie (Crypt:3)
  3 torpor snails
  An orange demon (Lair:3)
  3 gargoyles
  19 vault sentinels
  11 cane toads
  2 smoke demons
  2 unseen horrors
  The ghost of Bizboz the Magician, a novice DjAl (D:5)
  7 freezing wraiths
  2 kobold demonologists
  7 rime drakes
  A black draconian zombie (Crypt:1)
  An unseen horror (shapeshifter) (Elf:1)
  Psyche (D:9)
  An efreet (D:14)
  13 komodo dragons
  49 yaktaurs
  6 ice devils (IceCv)
  4 tengu conjurers
  5 ancient zymes
  A minotaur skeleton (Crypt:1)
  5 polar bears
  A polar bear (shapeshifter) (D:13)
  20 tarantellas
  13 trolls
  6 tyrant leeches
  A harpy skeleton (Crypt:1)
  A wind drake (shapeshifter) (Depths:3)
  A glass eye (Depths:1)
  Prince Ribbit (Lair:1)
  A boulder beetle zombie (Crypt:2)
  17 hornets
  A hornet (shapeshifter) (D:15)
  6 blink frogs (Lair:1)
  2 snapping turtles (Depths:4)
  7 raiju (Abyss:6)
  A snapping turtle (shapeshifter) (Vaults:5)
  19 jumping spiders
  17 slime creatures
  An ettin zombie (Crypt:3)
  A fire dragon skeleton (Crypt:2)
  30 culicivoras
  12 wraiths
  2 shadows
  2 water elementals
  A spriggan (shapeshifter) (D:14)
  2 air elementals
  11 fire bats (Volcano)
  Grum (D:9)
  2 vampires
  7 wyverns
  5 fire elementals
  2 basilisks (Lair:2)
  7 starcursed masses (Abyss:6)
  A neqoxec (Abyss:6)
  A tyrant leech zombie (Crypt:1)
  43 yaks
  8 wargs
  5 vampire mosquitoes
  5 steam dragons
  48 redbacks
  3 death yak simulacra
  3 small abominations
  Edmund (D:5)
  16 water moccasins
  12 swamp worms
  A water nymph zombie (Crypt:2)
  2 acid dragons
  4 hell hounds (Zot:1)
  2 hydra simulacra (Lair:5)
  An ice beast (shapeshifter) (D:13)
  4 sky beasts
  35 orc warriors
  An ice beast (D:7)
  9 swamp drakes
  A black bear (shapeshifter) (Vaults:3)
  4 black bears
  19 wolves
  38 laughing skulls
  An ogre (shapeshifter) (Depths:3)
  24 ogres
  A swamp dragon skeleton (Crypt:3)
  11 centaurs
  A lindwurm skeleton (Crypt:1)
  3 phantoms
  4 kobold brigands
  15 necrophages
  A gnoll sergeant (D:7)
  13 bullfrogs
  A deep troll simulacrum (Crypt:1)
  6 earth elementals
  A cane toad simulacrum (IceCv)
  4 scorpions
  2 two-headed ogre simulacra (IceCv)
  3 wights (D:8)
  A dream sheep simulacrum (Lair:5)
  A raiju zombie (Crypt:2)
  3 elephant simulacra (IceCv)
  6 electric eels
  A troll skeleton (Crypt:2)
  2 torpor snail simulacra (Lair:5)
  A quasit (Lair:3)
  3 lava snakes (D:13)
  3 howler monkeys (D:8)
  A crimson imp (D:15)
  4 hounds
  A komodo dragon simulacrum (Lair:5)
  A hound (shapeshifter) (Elf:3)
  13 orc priests
  2 bombardier beetles
  8 jellies
  5 iguanas
  A black bear skeleton (Crypt:1)
  Natasha (thrice) (D:2)
  Terence (D:2)
  5 hell rats (Lair:4)
  17 orc wizards
  3 spriggan simulacra (IceCv)
  A polar bear simulacrum (IceCv)
  2 troll simulacra (IceCv)
  A wolf simulacrum (IceCv)
  A deep dwarf skeleton (Crypt:2)
  A howler monkey skeleton (Crypt:1)
  5 gnolls (D:7)
  7 adders
  A naga simulacrum (IceCv)
  8 white imps
  A ribbon worm zombie (Crypt:1)
  6 ufetubi
  An adder zombie (Crypt:2)
  3 dart slugs
  4 ribbon worms (Lair:2)
  78 orcs
  3 giant cockroaches
  3 goblins
  10 hobgoblins
  18 kobolds
  3 quokkas
  8 ball pythons
  7 bats
  4 frilled lizards
  A hobgoblin zombie (Crypt:2)
  A jackal skeleton (Crypt:1)
  A kobold skeleton (Crypt:2)
  14 rats
  An aspiring flesh (Depths:4)
  A lurking horror (Abyss:6)
  A starspawn tentacle (Abyss:6)
2470 creatures vanquished.

Vanquished Creatures (others)
  A curse toe (Zot:4)
  A pandemonium lord (Depths:3)
  A death cob (Zot:5)
  The ghost of Hung the Fighter, a journeyman DjAE of Makhleb (Lair:5)
  A red draconian (Depths:4)
  A vault guard (Vaults:4)
  A deep elf archer (Elf:2)
  3 deep elf zephyrmancers
  A yaktaur (Vaults:4)
  A rime drake (Lair:5)
  3 bloated husks
  A golden eye (Abyss:6)
  A redback (Spider:2)
  An acid dragon (Zot:3)
  An orc wizard (Elf:2)
  An orc (Elf:2)
  14 foxfires
  A lurking horror (Abyss:1)
  5 starspawn tentacles (Abyss:6)
40 creatures vanquished.

Grand Total: 2510 creatures vanquished

Notes
Turn   | Place    | Note
-------+----------+-------------------------------------------
     0 | D:1      | James the Demonspawn Gladiator began the quest for the Orb.
     0 | D:1      | Reached XP level 1. HP: 16/16 MP: 1/1
   154 | D:1      | Gained mutation: You are partially covered in sharp spines.
                  | [demonic ancestry]
   154 | D:1      | Reached XP level 2. HP: 22/22 MP: 2/2
   178 | D:1      | Found Joics's Weapon Emporium.
   700 | D:2      | Noticed Terence
   835 | D:2      | Gained mutation: You have large cloven feet. [demonic
                  | ancestry]
   835 | D:2      | Reached XP level 3. HP: 28/28 MP: 3/3
   849 | D:2      | Reached skill level 1 in Armour
  1065 | D:2      | Noticed Natasha
  1071 | D:2      | Killed Natasha
  1140 | D:2      | Noticed Natasha
  1151 | D:2      | Killed Natasha
  1152 | D:2      | Reached XP level 4. HP: 4/34 MP: 4/4
  1284 | D:2      | Noticed Natasha
  1294 | D:2      | Killed Natasha
  1772 | D:3      | Reached XP level 5. HP: 37/41 MP: 5/5
  2308 | D:4      | Identified a scroll of acquirement
  2308 | D:4      | Acquired the +5 scimitar of Calamity {freeze, ^Fragile
                  | rElec MP+9 Int+8}
  2348 | D:4      | Found a radiant altar of Vehumet.
  2388 | D:4      | Found a shimmering altar of Xom.
  2408 | D:4      | Found a transporter.
  2520 | D:4      | Found a transporter.
  2545 | D:4      | Noticed a kobold demonologist
  2577 | D:4      | Gained mutation: You are mostly covered in sharp spines.
                  | [demonic ancestry]
  2577 | D:4      | Reached XP level 6. HP: 47/47 MP: 6/6
  2844 | D:5      | Entered Level 5 of the Dungeon
  2859 | D:5      | Reached skill level 5 in Long Blades
  3123 | D:5      | Identified the +10 dagger of Deflation {heavy, rF- rN+
                  | Dex+5}
  3183 | D:5      | Noticed a water moccasin
  3192 | D:5      | Killed a water moccasin
  3193 | D:5      | Gained mutation: You are partially covered in razor-sharp
                  | scales. (AC +1, Slay +1) [demonic ancestry]
  3193 | D:5      | Reached XP level 7. HP: 47/52 MP: 7/7
  3411 | D:5      | Found a blossoming altar of Fedhas.
  3444 | D:5      | Noticed Edmund
  3456 | D:5      | Killed Edmund
  3732 | D:5      | Found a runed translucent gate.
  3735 | D:5      | Found a runed translucent gate.
  3735 | D:5      | Found a runed translucent gate.
  3737 | D:5      | Noticed Bizboz's ghost (novice DjAl)
  4099 | D:6      | Gained mutation: You have hoof-like feet. [demonic
                  | ancestry]
  4099 | D:6      | Reached XP level 8. HP: 38/58 MP: 8/8
  4449 | D:6      | Gained mutation: You are mostly covered in razor-sharp
                  | scales. (AC +2, Slay +2) [demonic ancestry]
  4449 | D:6      | Reached XP level 9. HP: 16/65 MP: 9/9
  4771 | D:6      | Reached skill level 10 in Long Blades
  5205 | D:7      | Found a transporter.
  5205 | D:7      | Noticed Fandomethor's ghost (novice GrFi)
  5213 | D:7      | Found a transporter.
  5231 | D:7      | Identified the orb of Recklessness {*channel, rN+ Str+3
                  | Int-4 SInv}
  5265 | D:7      | Found an iron altar of Okawaru.
  5316 | D:7      | Became a worshipper of Warmaster Okawaru
  5610 | D:7      | Reached * piety under Okawaru
  5689 | D:7      | Found a staircase to the Ecumenical Temple.
  5751 | D:7      | Noticed Joseph
  5761 | D:7      | Killed Joseph
  5762 | D:7      | Reached skill level 5 in Fighting
  5913 | D:7      | Gained mutation: You are completely covered in razor-sharp
                  | scales. (AC +3, Slay +3) [demonic ancestry]
  5913 | D:7      | Reached XP level 10. HP: 74/74 MP: 10/10
  6110 | D:7      | Reached skill level 5 in Armour
  6550 | D:2      | Killed Terence
  6551 | D:2      | Reached skill level 5 in Dodging
  6704 | D:4      | Noticed an orange demon
  7055 | D:5      | Killed Bizboz's ghost
  7055 | D:5      | Reached ** piety under Okawaru
  7686 | D:8      | Noticed a two-headed ogre
  7694 | D:8      | Killed a two-headed ogre
  7694 | D:8      | Reached *** piety under Okawaru
  8170 | D:9      | Noticed Psyche
  8171 | D:9      | Noticed a two-headed ogre
  8178 | D:9      | Killed a two-headed ogre
  8323 | D:9      | Killed Psyche
  8323 | D:9      | Reached **** piety under Okawaru
  8384 | D:9      | Found a hide-covered altar of Uskayaw.
  8384 | D:9      | Noticed Grum
  8584 | D:9      | Killed Grum
  8957 | D:9      | Found an ornate altar of the Wu Jian Council.
  8958 | D:9      | Found a burning altar of Makhleb.
  9102 | D:10     | Entered Level 10 of the Dungeon
  9124 | D:10     | Found a staircase to the Orcish Mines.
  9175 | D:10     | Found Duha Bint's Weapon Shoppe.
  9180 | D:10     | Gained mutation: Your presence sometimes corrodes those you
                  | injure. [demonic ancestry]
  9180 | D:10     | Reached XP level 11. HP: 67/79 MP: 11/11
  9254 | D:10     | Noticed a two-headed ogre
  9262 | D:10     | Killed a two-headed ogre
  9305 | D:10     | Found a staircase to the Lair.
  9390 | D:10     | Noticed Fannar
  9400 | D:10     | Killed Fannar
  9401 | D:10     | Reached skill level 1 in Invocations
  9561 | D:10     | Noticed Snorg
  9566 | D:10     | Reached skill level 2 in Invocations
  9572 | D:10     | Killed Snorg
  9572 | D:10     | Reached ***** piety under Okawaru
  9573 | D:10     | Reached skill level 4 in Invocations
  9595 | D:9      | Found an ancient bone altar of Kikubaaqudgha.
  9595 | D:9      | Found a sacrificial altar of Ru.
  9765 | D:11     | Noticed a two-headed ogre
  9776 | D:10     | Reached skill level 5 in Invocations
  9786 | D:10     | Killed a two-headed ogre
  9786 | D:10     | Received a gift from Okawaru
  9787 | D:10     | Reached skill level 6 in Invocations
  9939 | D:11     | Reached skill level 7 in Invocations
  9995 | D:11     | Reached skill level 8 in Invocations
 10277 | D:11     | Reached skill level 9 in Invocations
 10527 | Lair:1   | Entered Level 1 of the Lair of Beasts
 10591 | Lair:1   | Received a gift from Okawaru
 10592 | Lair:1   | Reached skill level 10 in Invocations
 10906 | Lair:1   | Noticed Gastronok
 10920 | Lair:1   | Killed Gastronok
 11046 | Lair:1   | Gained mutation: You have hooves in place of feet. [demonic
                  | ancestry]
 11046 | Lair:1   | Reached XP level 12. HP: 89/89 MP: 19/19
 11218 | Lair:1   | Noticed Prince Ribbit
 11224 | Lair:1   | Killed Prince Ribbit
 11224 | Lair:1   | Received a gift from Okawaru
 11855 | Lair:2   | Found a hole to the Spider Nest.
 12024 | Lair:2   | Reached skill level 11 in Invocations
 12328 | Lair:2   | Found a staircase to the Swamp.
 12534 | Lair:2   | Received a gift from Okawaru
 13178 | Lair:3   | Reached skill level 12 in Invocations
 13243 | Lair:3   | Reached ****** piety under Okawaru
 13247 | Lair:3   | Reached XP level 13. HP: 34/99 MP: 22/22
 13554 | Lair:3   | Noticed Amaemon
 13575 | Lair:3   | Killed Amaemon
 13575 | Lair:3   | Received a gift from Okawaru
 13601 | Lair:3   | Noticed Josephine
 13617 | Lair:3   | Killed Josephine
 13813 | Lair:3   | Noticed Sonja
 13827 | Abyss:1  | Cast into level 1 of the Abyss (Sonja)
 13934 | Abyss:1  | Noticed a tentacled starspawn
 14148 | Lair:3   | Escaped the Abyss
 14171 | Lair:3   | Killed Sonja
 14307 | Lair:3   | Received a gift from Okawaru
 14354 | Lair:3   | Reached skill level 13 in Invocations
 14631 | Lair:3   | Identified the +4 shortbow of Okawaru's Envy {drain, rF+}
 15430 | Lair:4   | Received a gift from Okawaru
 16054 | Lair:5   | Entered Level 5 of the Lair of Beasts
 16536 | Lair:5   | Found a staircase to the Slime Pits.
 16710 | Lair:5   | Found a viscous altar of Jiyva.
 16908 | Lair:5   | Noticed Hung's ghost (journeyman DjAE)
 17029 | Lair:5   | Found a runed translucent gate.
 17029 | Lair:5   | Found a runed translucent gate.
 17029 | Lair:5   | Found a runed translucent gate.
 17416 | Lair:5   | Reached skill level 14 in Invocations
 17527 | Lair:5   | Received a gift from Okawaru
 17528 | Lair:5   | Reached skill level 10 in Fighting
 17550 | Lair:5   | Reached XP level 14. HP: 61/110 MP: 24/24
 18386 | D:12     | Received a gift from Okawaru
 18403 | D:12     | You fall into a shaft and drop 3 floors!
 18403 | D:15     | Entered Level 15 of the Dungeon
 18618 | D:15     | Found Untifial's Jewellery Shoppe.
 18625 | D:15     | Bought an amulet of guardian spirit for 450 gold pieces
 18749 | D:14     | Received a gift from Okawaru
 18869 | D:14     | Acquired a +1 double sword of flaming
 18869 | D:14     | Received a gift from Okawaru
 19169 | D:14     | Noticed an ironbound preserver
 19185 | D:14     | Killed an ironbound preserver
 20225 | Orc:1    | Entered Level 1 of the Orcish Mines
 20257 | Orc:1    | Reached skill level 15 in Invocations
 20341 | Orc:1    | Found a dark tunnel.
 20431 | Volcano  | Entered a volcano
 20443 | Volcano  | Reached skill level 1 in Shields
 20471 | Volcano  | Received a gift from Okawaru
 20851 | Volcano  | Reached skill level 10 in Armour
 20868 | Volcano  | Reached skill level 10 in Dodging
 20982 | Orc:1    | Noticed Harold
 20994 | Orc:1    | Killed Harold
 21175 | Orc:1    | Noticed Jorgrun
 21186 | Orc:1    | Killed Jorgrun
 21186 | Orc:1    | Received a gift from Okawaru
 21623 | Orc:2    | Entered Level 2 of the Orcish Mines
 21643 | Orc:2    | Found a frozen archway.
 21658 | IceCv    | Entered an ice cave
 22183 | IceCv    | Gained mutation: You regenerate magic rapidly. [demonic
                  | ancestry]
 22183 | IceCv    | Reached XP level 15. HP: 117/118 MP: 23/26
 22346 | IceCv    | Reached skill level 5 in Shields
 22458 | IceCv    | Found the +8 frozen axe "Frostbite" {freeze, freezing
                  | cloud, *Noise Fly rC+}
 23065 | Orc:1    | Received a gift from Okawaru
 23611 | Orc:2    | Found a staircase to the Elven Halls.
 23841 | Orc:2    | Reached skill level 15 in Long Blades
 23997 | Orc:2    | Received a gift from Okawaru
 24037 | Orc:2    | Found Mogriro's Book Shop.
 24209 | Orc:2    | Found Puedulop's Jewellery Boutique.
 24210 | Orc:2    | Found Jusaso Raoh's Book Shoppe.
 24220 | Orc:2    | Found Orureca's Antique Weapon Boutique.
 24514 | D:7      | Killed Fandomethor's ghost
 24896 | D:13     | Found a basalt altar of Yredelemnul.
 25891 | D:14     | Noticed Rupert
 25891 | D:14     | Paralysed by Rupert for 5 turns
 25904 | D:14     | Killed Rupert
 26171 | D:14     | Found a gate to the Vaults.
 26182 | D:14     | Received a gift from Okawaru
 26191 | D:14     | Identified the +0 leather armour of Touze {rC- Str+7}
 26438 | D:15     | Noticed Louise
 26451 | D:15     | Killed Louise
 26724 | D:15     | Reached skill level 10 in Shields
 26975 | D:15     | Reached XP level 16. HP: 125/125 MP: 27/27
 26981 | D:15     | Found a staircase to the Depths.
 27219 | D:15     | Paralysed by a hornet for 3 turns
 27852 | Lair:5   | Killed Hung's ghost
 27910 | Lair:5   | Got the ring of Yendor {Fire *Corrode Str+2 Dex+3 SInv}
 27930 | Lair:5   | Acquired the +0 cloak of Fengum Ywna {Regen+ Str+4}
 28155 | D:15     | Bought the ring of Haru {rPois Int+4 SInv} for 519 gold
                  | pieces
 28312 | Swamp:1  | Entered Level 1 of the Swamp
 28432 | Swamp:1  | Received a gift from Okawaru
 29207 | Swamp:2  | Received a gift from Okawaru
 29830 | Swamp:2  | Received a gift from Okawaru
 29913 | Swamp:3  | Paralysed by a fenstrider witch for 3 turns
 30220 | Swamp:3  | Noticed Mara
 30224 | Swamp:3  | Noticed James's illusion
 30250 | Swamp:3  | Killed Mara
 30480 | Swamp:3  | Received a gift from Okawaru
 30848 | Swamp:4  | Entered Level 4 of the Swamp
 31402 | Swamp:4  | Gained mutation: Your presence sometimes corrodes or
                  | deforms those you injure. [demonic ancestry]
 31402 | Swamp:4  | Reached XP level 17. HP: 128/131 MP: 28/28
 31782 | Swamp:4  | Received a gift from Okawaru
 31783 | Swamp:4  | Reached skill level 15 in Shields
 32177 | Swamp:4  | Noticed the 27-headed Lernaean hydra
 32187 | Arena    | Entered the Arena
 32201 | Arena    | Killed the 23-headed Lernaean hydra
 32441 | Swamp:4  | Got a decaying rune of Zot
 32711 | Spider:1 | Entered Level 1 of the Spider Nest
 32846 | Spider:1 | Received a gift from Okawaru
 33733 | Spider:2 | Noticed Donald
 33747 | Spider:2 | Killed Donald
 33877 | Spider:2 | You fall into a shaft and drop 1 floor!
 33877 | Spider:3 | Noticed Arachne
 33879 | Spider:3 | Noticed Mlioglotl
 33899 | Spider:3 | Killed Mlioglotl
 33910 | Spider:3 | Received a gift from Okawaru
 33929 | Spider:3 | Killed Arachne
 34393 | Spider:2 | Received a gift from Okawaru
 34419 | Spider:2 | Reached skill level 16 in Invocations
 34694 | Spider:2 | Reached XP level 18. HP: 140/140 MP: 30/30
 34852 | Spider:3 | Found a runed translucent door.
 34853 | Spider:3 | Noticed Luntosch's ghost (adept KoCK)
 35373 | Spider:4 | Entered Level 4 of the Spider Nest
 35745 | Spider:4 | Received a gift from Okawaru
 36288 | Spider:4 | Identified the +1 hat "Kafity" {rPois}
 36300 | Spider:4 | Got a gossamer rune of Zot
 36434 | Spider:3 | Killed Luntosch's ghost
 36732 | Vaults:1 | Entered Level 1 of the Vaults
 36814 | Vaults:1 | Received a gift from Okawaru
 37278 | Vaults:1 | Found Safill's Armour Shoppe.
 37458 | Vaults:1 | Reached skill level 17 in Invocations
 38262 | Vaults:2 | Upgraded the game from 0.32-a0 to 0.32-a0-12-g7fc57aa741
 38546 | Vaults:2 | Received a gift from Okawaru
 38862 | Vaults:2 | Identified the orb of the Endless Expanse {*channel, rF+
                  | Dex+3 SInv}
 38993 | Vaults:2 | Received a gift from Okawaru
 38994 | Vaults:2 | Gained mutation: You are completely covered in sharp
                  | spines. [demonic ancestry]
 38994 | Vaults:2 | Reached XP level 19. HP: 149/149 MP: 31/31
 39311 | Vaults:2 | Noticed a bone dragon
 39326 | Vaults:2 | Killed a bone dragon
 39337 | Vaults:2 | Found a staircase to the Crypt.
 39492 | Vaults:2 | Received a gift from Okawaru
 39984 | Vaults:3 | Reached skill level 18 in Invocations
 40218 | Vaults:3 | Received a gift from Okawaru
 40375 | Vaults:3 | Paralysed by a sphinx for 5 turns
 41368 | Vaults:4 | Received a gift from Okawaru
 41934 | Vaults:4 | Received a gift from Okawaru
 42097 | Vaults:4 | Gained mutation: When hurt, damage is shared between your
                  | health and your magic reserves. [demonic ancestry]
 42097 | Vaults:4 | Reached XP level 20. HP: 159/159 MP: 33/33
 42409 | Vaults:4 | Received a gift from Okawaru
 42552 | Vaults:4 | Reached skill level 15 in Armour
 42573 | Vaults:4 | Reached skill level 19 in Invocations
 43537 | Elf:1    | Entered Level 1 of the Elven Halls
 43548 | Elf:1    | Received a gift from Okawaru
 44027 | Elf:1    | Found Zann's General Store.
 44031 | Elf:1    | Bought a potion of heal wounds for 90 gold pieces
 44056 | Elf:1    | Found Ruoqiofu's Antique Armour Boutique.
 45116 | Elf:2    | Noticed Saint Roka
 45140 | Elf:2    | Received a gift from Okawaru
 45150 | Elf:2    | Killed Saint Roka
 45435 | Elf:2    | Reached skill level 15 in Fighting
 45830 | Elf:2    | Found a runed translucent gate.
 45832 | Elf:2    | Found a runed translucent gate.
 45836 | Elf:2    | Found a runed translucent gate.
 45909 | Elf:3    | Entered Level 3 of the Elven Halls
 46080 | Elf:3    | Reached skill level 20 in Invocations
 46385 | Elf:3    | Noticed Norris
 46406 | Elf:3    | Killed Norris
 46419 | Elf:3    | Gained mutation: You can speak a Word of Chaos. [demonic
                  | ancestry]
 46419 | Elf:3    | Reached XP level 21. HP: 168/168 MP: 35/35
 46548 | Elf:3    | Found a runed translucent gate.
 46548 | Elf:3    | Found a runed translucent gate.
 46552 | Elf:3    | Found a runed translucent gate.
 46557 | Elf:3    | Noticed Tanlil's ghost (adept MfGl)
 46573 | Elf:3    | Found an iron altar of Okawaru.
 46605 | Elf:3    | Received a gift from Okawaru
 47920 | Elf:3    | Identified the +0 leather armour "Vaxty" {-Cast Fly SInv}
 48019 | Elf:3    | Identified the +4 spear "Numyicaf" {venom, rN+ Will+ rCorr}
 48019 | Elf:3    | Identified the ring "Uceji" {Int+6 Dex+3}
 48278 | Abyss:2  | Cast into level 2 of the Abyss (a deep elf sorcerer)
 48285 | Elf:3    | Escaped the Abyss
 48511 | Elf:3    | Received a gift from Okawaru
 48512 | Elf:3    | Reached skill level 1 in Evocations
 48565 | Elf:3    | Identified the +3 dagger of Red Wine {vamp, +Blink rF-
                  | Str+8 SInv}
 48766 | Elf:3    | Identified the ring of the Peasants {Str+2 SInv}
 48804 | Elf:3    | Identified the staff "Hakkibb" {^Fragile rPois Dex+5
                  | Alchemy}
 48924 | Elf:3    | Got the Anthology of Boreal Ozone
 48926 | Elf:3    | Identified the +0 pair of gloves "Pumom" {MP+9 Dex+2}
 48928 | Elf:3    | Got the Tome of the Grey Sphinx
 50080 | Elf:3    | Found an iron altar of Okawaru.
 50467 | Depths:1 | Entered Level 1 of the Depths
 50738 | Depths:1 | Received a gift from Okawaru
 50739 | Depths:1 | Reached skill level 21 in Invocations
 50756 | Depths:1 | Found a gateway to Hell.
 50770 | Depths:1 | Found a magical portal.
 50786 | WizLab   | Entered Wucad Mu's Monastery
 50924 | WizLab   | Found the crystal ball of Wucad Mu {*channel}
 50974 | WizLab   | Reached skill level 5 in Evocations
 50974 | WizLab   | Reached XP level 22. HP: 157/176 MP: 34/36
 51523 | Depths:1 | Found a one-way gate leading to the halls of Pandemonium.
 52093 | Depths:2 | Found a one-way gateway to a ziggurat.
 52113 | Depths:2 | Received a gift from Okawaru
 52217 | Depths:2 | Found Big Baal Hell's Store.
 53020 | Depths:2 | Identified the +6 demon whip of Teriutses {heavy, rElec
                  | rN++ rCorr Int+2}
 53236 | Depths:3 | Noticed Jory
 53251 | Depths:3 | Killed Jory
 53318 | Depths:3 | Found a one-way gate to the infinite horrors of the Abyss.
 53387 | Depths:3 | Received a gift from Okawaru
 53612 | Depths:3 | Reached skill level 15 in Dodging
 53612 | Depths:3 | Reached XP level 23. HP: 183/183 MP: 37/37
 54411 | Depths:3 | Received a gift from Okawaru
 54529 | Depths:3 | Reached skill level 22 in Invocations
 54742 | Depths:3 | Noticed a juggernaut
 54765 | Depths:3 | Killed a juggernaut
 54938 | Depths:3 | Received a gift from Okawaru
 55490 | Depths:2 | Bought the ring "Nidareab" {rF+ rN++ Will+} for 3267 gold
                  | pieces
 55637 | Depths:4 | Entered Level 4 of the Depths
 56105 | Depths:4 | Received a gift from Okawaru
 56108 | Depths:4 | Found a gate to the Realm of Zot.
 56363 | Depths:4 | Reached XP level 24. HP: 193/193 MP: 38/38
 56453 | Depths:4 | Noticed Margery
 56476 | Depths:4 | Killed Margery
 56487 | Depths:4 | Killed the ghostly Margery
 56488 | Depths:4 | Reached skill level 23 in Invocations
 56846 | Depths:4 | Received a gift from Okawaru
 57313 | Crypt:1  | Entered Level 1 of the Crypt
 58928 | Crypt:2  | Received a gift from Okawaru
 59014 | Crypt:2  | Got the Almanac of Hail
 59594 | Crypt:3  | Entered Level 3 of the Crypt
 59807 | Crypt:3  | Received a gift from Okawaru
 60351 | Crypt:3  | Found a staircase to the Tomb.
 60385 | Crypt:3  | Noticed an ancient lich
 60507 | Crypt:3  | Found an ancient bone altar of Kikubaaqudgha.
 60545 | Crypt:3  | Killed an ancient lich
 60729 | Crypt:3  | Got the Volume of Bones
 61082 | Vaults:5 | Entered Level 5 of the Vaults
 61214 | Vaults:5 | Received a gift from Okawaru
 61290 | Vaults:5 | Reached skill level 24 in Invocations
 61304 | Vaults:5 | Noticed an ancient lich
 61321 | Vaults:5 | Killed an ancient lich
 61481 | Vaults:5 | Reached XP level 25. HP: 197/201 MP: 39/39
 61588 | Vaults:5 | Reached skill level 5 in Throwing
 61599 | Vaults:5 | Received a gift from Okawaru
 61705 | Vaults:5 | Got a silver rune of Zot
 61714 | Vaults:5 | Identified the +6 scale mail "Igiwkil" {Stlth+}
 62034 | Vaults:5 | Noticed a dread lich
 62049 | Vaults:5 | Killed a dread lich
 62483 | Vaults:5 | Received a gift from Okawaru
 63371 | Vaults:5 | Noticed an ancient lich
 63380 | Vaults:5 | Killed an ancient lich
 63381 | Vaults:5 | Reached skill level 10 in Evocations
 63540 | Vaults:5 | Identified the +1 halberd of Peefiyti {freeze, Fly Str-4
                  | Dex+3}
 63755 | Vaults:5 | Received a gift from Okawaru
 63758 | Vaults:5 | Reached skill level 25 in Invocations
 65429 | Zot:1    | Entered Level 1 of the Realm of Zot
 66598 | Zot:1    | Reached XP level 26. HP: 107/206 MP: 39/39
 67511 | Zot:2    | Received a gift from Okawaru
 67873 | Zot:2    | You fall into a shaft and drop 2 floors!
 68314 | Zot:2    | Received a gift from Okawaru
 68780 | Zot:2    | Found a runed translucent door.
 68780 | Zot:2    | Noticed grothendieck's ghost (legendary KoHs)
 68826 | Zot:2    | Reached skill level 26 in Invocations
 69082 | Zot:2    | Received a gift from Okawaru
 70044 | Zot:3    | Found a transporter.
 70372 | Zot:3    | Received a gift from Okawaru
 70483 | Zot:3    | Found a transporter.
 70577 | Zot:3    | Noticed a dread lich
 70580 | Zot:3    | Noticed paavali's ghost (master OpSh)
 70948 | Zot:3    | Found the +4 dragonskin cloak
 70948 | Zot:3    | Noticed Tiamat
 70997 | Zot:3    | Gained mutation: When low on magic, you restore magic in
                  | place of health. [demonic ancestry]
 70997 | Zot:3    | Reached XP level 27. HP: 164/219 MP: 35/40
 71045 | Zot:3    | Killed Tiamat
 71582 | Zot:3    | Received a gift from Okawaru
 71600 | Zot:3    | Reached skill level 27 in Invocations
 71684 | Zot:3    | Identified the ring of Potusacu {Fly rN+ Stlth+}
 73563 | Zot:5    | Entered Level 5 of the Realm of Zot
 73724 | Zot:5    | Received a gift from Okawaru
 73792 | Zot:5    | Noticed Ryuz's ghost (legendary MeAl)
 74245 | Zot:5    | Found a runed translucent door.
 74864 | Zot:5    | Noticed a dread lich
 74884 | Zot:5    | Killed a dread lich
 74951 | Zot:5    | Noticed an orb of fire
 74956 | Zot:5    | Gained mutation: Your health recovers twice as slowly from
                  | being drained. [an orb of fire]
 74970 | Zot:5    | Gained mutation: You are clumsy. (Dex -2) [an orb of fire]
 74972 | Zot:5    | Gained mutation: You occasionally shout uncontrollably at
                  | your foes. [an orb of fire]
 74974 | Zot:5    | Killed an orb of fire
 74974 | Zot:5    | Received a gift from Okawaru
 75009 | Zot:5    | Noticed a dread lich
 75009 | Zot:5    | Noticed an orb of fire
 75010 | Zot:5    | Paralysed by a dread lich for 5 turns
 75013 | Zot:5    | Noticed an orb of fire
 75023 | Zot:5    | Killed an orb of fire
 75045 | Zot:5    | Killed an orb of fire
 75061 | Zot:5    | Killed a dread lich
 75081 | Zot:5    | Noticed a dread lich
 75082 | Zot:5    | Noticed a dread lich
 75085 | Zot:5    | Noticed an orb of fire
 75091 | Zot:5    | Killed a dread lich
 75099 | Zot:5    | Killed a dread lich
 75112 | Zot:5    | Killed an orb of fire
 75129 | Zot:5    | Noticed an orb of fire
 75151 | Zot:5    | Gained mutation: You do not regenerate when monsters are
                  | visible. [an orb of fire]
 75157 | Zot:5    | Killed an orb of fire
 75157 | Zot:5    | Received a gift from Okawaru
 75168 | Zot:5    | Lost mutation: You are clumsy. (Dex -2) [potion of
                  | mutation]
 75168 | Zot:5    | Lost mutation: You occasionally shout uncontrollably at
                  | your foes. [potion of mutation]
 75168 | Zot:5    | Gained mutation: You occasionally lose the ability to drink
                  | potions when taking damage. [potion of mutation]
 75169 | Zot:5    | Lost mutation: You do not regenerate when monsters are
                  | visible. [potion of mutation]
 75169 | Zot:5    | Lost mutation: Your health recovers twice as slowly from
                  | being drained. [potion of mutation]
 75169 | Zot:5    | Gained mutation: You are agile. (Dex +4, Str/Int -1)
                  | [potion of mutation]
 75169 | Zot:5    | Gained mutation: Your flesh is cold resistant. (rC+)
                  | [potion of mutation]
 75169 | Zot:5    | Gained mutation: You passively dampen the noise of your
                  | surroundings. [potion of mutation]
 75539 | Zot:5    | Identified the +1 long sword of Pankeust {drain, rPois
                  | Int+2 Dex-3}
 76803 | Zot:5    | Got the Orb of Zot
 76979 | Depths:4 | Noticed Attagit the pandemonium lord
 76989 | Depths:4 | Noticed Kioqyacs the pandemonium lord
 76998 | Depths:3 | Killed Attagit the pandemonium lord
 77015 | Depths:3 | Killed Kioqyacs the pandemonium lord
 77015 | Depths:3 | Received a gift from Okawaru
 77266 | D:7      | Noticed Luommi the pandemonium lord
 77275 | Abyss:6  | Cast into level 6 of the Abyss (Luommi)
 77417 | Abyss:6  | Paralysed by accursed screaming for 1 turns
 77453 | Abyss:6  | Paralysed by accursed screaming for 1 turns
 77461 | Abyss:6  | HP: 8/179 [thrashing horror (1)]
 77465 | Abyss:6  | Killed from afar by a starcursed mass

Illustrated notes

Levels and vault maps discovered:
D:1:      dpeg_arrival_ratfight, layout_basic, serial_shops, shop,
          amethyst_killhole
D:2:      layout_rooms, nicolae_eternal_life, minmay_misc_feat_secret_circle,
          uniq_natasha, uniq_terence
D:3:      layout_basic
D:4:      gammafunk_wand_slinger, layout_cave_pools,
          mainiacjoe_overflow_surrounded_room, lemuel_round_altar,
          grunt_decor_arrowhead
D:5:      layout_loops_ring, nicolae_overflow_crystal_walls,
          ebering_ghost_rock_garden, grunt_ministairs_13, uniq_edmund
D:6:      layout_loops_ring, mainiacjoe_overflow_concentric_impassable
D:7:      layout_loops_cross, kennysheep_okawaru_gauntlet, temple_statues,
          gammafunk_ghost_arena, uniq_joseph
D:8:      layout_basic
D:9:      layout_basic, nicolae_uskayaw_dance_studio,
          nicolae_overflow_hidden_temple, uniq_psyche, uniq_grum
D:10:     layout_roguey, mainiacjoe_overflow_catwalk, dpeg_oklobed_lair,
          serial_shops, shop, uniq_snorg, uniq_fannar
D:11:     layout_cave_pools
D:12:     layout_loops_ring
D:13:     kennysheep_big_flooded_room, layout_basic,
          lemuel_zombie_altar_yredelemnul
D:14:     layout_loops_ring, hellmonk_vaults_order_and_chaos, uniq_rupert
D:15:     hellmonk_depths_entry_around_the_bend, layout_loops_ring,
          serial_shops, shop, nicolae_triple_integral, special_room
          [special_room_orc], lightli_wizard_tower, uniq_louise
Lair:1:   layout_chaotic_city, uniq_gastronok, uniq_prince_ribbit2
Lair:2:   minmay_lair_oklob_chamber, layout_misc_corridors,
          nicolae_swamp_entry_splash_gauntlet, nicolae_spider_entry_non_spiders,
          mumra_transporter_accident, nicolae_lair_grazing_beasts
          [nicolae_sub_lair_graze_edge, nicolae_sub_lair_graze_edge,
          nicolae_sub_lair_graze_edge, nicolae_sub_lair_graze_edge]
Lair:3:   layout_long_grid, infiniplex_staircase_pool, uniq_josephine,
          uniq_sonja, uniq_amaemon
Lair:4:   layout_layer_cave, grunt_megastairs_3
Lair:5:   evilmike_catoblepas_cave, layout_long_grid,
          nicolae_slime_entry_field_trip, gammafunk_ghost_icy
Swamp:1:  layout_falls_marsh, evilmike_swamp_ruin_house_6,
          nicolae_swamp_tree_isthmus
Swamp:2:  layout_falls_marsh, serial_swamp_ruin, evilmike_swamp_ruin_rubble_1,
          evilmike_swamp_ruin_house_4, nicolae_swamp_nymph_family_reunion
Swamp:3:  layout_falls_marsh, hangedman_swamp_lotus, swamp_pool_1_2,
          ldierk_geyser, hangedman_swamp_blocks, nicolae_swamp_long_stream,
          uniq_mara
Swamp:4:  swamp_old_school, layout_basic_swamp
Spider:1: layout_spider_delve
Spider:2: layout_spider_delve, hellmonk_test_site, uniq_donald
Spider:3: layout_spider_delve, ebering_ghost_inner_flame,
          nicolae_spider_checkerboard, uniq_arachne, uniq_mlioglotl
Spider:4: grunt_spider_rune_circles
Orc:1:    layout_caves, enter_volcano_2, uniq_jorgrun, uniq_harold
Orc:2:    st_orc_open, layout_diamond_mine, portal_ice_cave_rime,
          lightli_orcish_oven
Elf:1:    minmay_elf_arrival_summoners, layout_onion_city, serial_shops,
          nicolae_shop_tiny_statue_garden, nicolae_shop_back_alley_shop,
          hangedman_elven_crosses_minicolossus, lemuel_flame_loot_1
Elf:2:    nicolae_elf_blades_splatter_lattice
          [nicolae_vaults_blade_armed_guards], layout_geoelf_octagon,
          uniq_saint_roka
Elf:3:    elf_hall_gauntlet_narrow, layout_loops_corners,
          gammafunk_ghost_fury_of_okawaru, uniq_norris
Vaults:1: nicolae_vaults_house_3, nicolae_vaults_house_1, st_lines,
          ontoclasm_vaults_ligature, hangedman_vaults_cutoff,
          ontoclasm_vaults_spin, ontoclasm_vaults_eye, v_misc_18,
          nicolae_vaults_little_squares_4, nicolae_vaults_tetromino_L_1,
          layout_vaults_quadrants, serial_shops, nicolae_shop_behind_doors
Vaults:2: nicolae_vaults_double_plus_2, minmay_crypt_entry_nasty_monster,
          hangedman_vaults_nodes, hangedman_vaults_nails, nicolae_vaults_big_ls,
          ontoclasm_vaults_ring_large, vaults_standard_mumra_x, v_misc_9,
          dpeg_vaults_monster_row, nicolae_vaults_rhombus_6,
          nicolae_vaults_variable_pillar_hall, serial_ice_m,
          nicolae_vaults_trapezoid_2, nicolae_vaults_tetromino_L_1,
          nicolae_vaults_house_1, layout_vaults_omnicross
Vaults:3: hangedman_vaults_slither, v_misc_5,
          nicolae_vaults_shipping_containers_6,
          nicolae_vaults_trapezoid_lopsided_4, nicolae_vaults_steering_wheel,
          nicolae_vaults_double_plus_1, nicolae_vaults_storage_closets_1,
          v_misc_4, nicolae_vaults_little_squares_1, vaults_room_pools,
          nicolae_vaults_double_plus_1, nicolae_vaults_diamond_2,
          hangedman_vaults_stagger, nicolae_vaults_trapezoid_lopsided_4,
          nicolae_vaults_angled_halls, ontoclasm_vaults_fault,
          layout_vaults_maze
Vaults:4: dpeg_vaults_monster_box, nicolae_vaults_two_Ls, hangedman_vaults_trim,
          grunt_vaults_bifocal, hangedman_vaults_river_flow,
          nicolae_vaults_trapezoid_3, v_misc_2, v_misc_11,
          nicolae_vaults_network_periphery, nicolae_vaults_ring_of_whatevers,
          nicolae_vaults_tetromino_L_2, nicolae_vaults_diamond_1,
          nicolae_vaults_little_squares_2, nicolae_vaults_rhombus_6,
          vaults_room_fancy_cross, layout_vaults_ring
Vaults:5: serial_shops
Crypt:1:  layout_misc_corridors
Crypt:2:  layout_misc_corridors, grunt_megastairs_2
Crypt:3:  cryptofortress_bobbens
Depths:1: layout_big_octagon, hell_entry, mu_enter_wizlab_3,
          grunt_pan_entry_zigzag, minmay_fractal_squares_gapless_7
Depths:2: kennysheep_oblong_rooms, layout_long_grid, enter_ziggurat_b,
          nicolae_hell_entry_big_baal_hell, grunt_pan_entry_spiral,
          infiniplex_staircase_pillars_1, uniq_grunn
Depths:3: grunt_runaround [grunt_runaround_loot, grunt_runaround_doors_1,
          grunt_runaround_doors_2, grunt_runaround_doors_3,
          grunt_runaround_doors_4], pan_entry, hell_entry, abyss_entry,
          uniq_jory
Depths:4: grunt_crosshair, layout_gridlike, pf_coc_iceberg,
          chequers_serial_rivers_micro_e, uniq_margery
Zot:1:    layout_gridlike, st_stairs_11, uniq_josephina
Zot:2:    layout_misc_corridors, gammafunk_ghost_grave, st_small_dragon_hoard_3,
          hangedman_zot_spectrum, grunt_megastairs_1
Zot:3:    layout_onion_interference, nzn_ghost_randoct, st_grand_hoard_of_tiamat
Zot:4:    gammafunk_mikee_crab_dinner, layout_misc_corridors
Zot:5:    layout_misc_corridors, hellmonk_ghost_happy_afterlife,
          regret_index_zotdec_carving_tricks, st_stairs_10, grunt_ministairs_3
Abyss:6:  base: D:7, base: Zot:2, evilmike_abyss_exit_3, minivault_26,
          eino_small_chamber_without_monster, evilmike_abyss_rune_siren_acolytes

Skill      XL: |  1  2  3  4  5  6  7  8  9 10 11 12 13 14 15 16 17 18 19 20 21 22 23 24 25 26 27 |
---------------+----------------------------------------------------------------------------------+-----
Long Blades    | 3 4 6 8 9 11 13 14 15 16 17 18 20 | 20.0
Armour         | 1 2 3 4 5 7 9 10 12 14 16 17 18 19 20 22 | 22.4
Dodging        | 3 4 5 7 8 10 12 13 14 15 16 17 18 | 18.0
Fighting       | 3 5 6 8 10 11 13 14 15 16 17 18 20 | 20.0
Invocations    | 10 12 14 15 16 17 18 20 21 22 24 25 26 27 | 27.0
Throwing       | 2 4 6 |  6.0
Shields        | 4 10 14 16 17 18 19 | 19.9
Evocations     | 5 6 7 9 10 11 12 | 12.0

Action                     |  1- 3 |  4- 6 |  7- 9 | 10-12 | 13-15 | 16-18 | 19-21 | 22-24 | 25-27 || total
---------------------------+-------+-------+-------+-------+-------+-------+-------+-------+-------++-------
  Melee: Long sword        |    67 |    64 |       |       |       |       |       |       |       ||   131
         Punch             |     2 |     1 |       |       |       |       |       |       |       ||     3
         Kick              |     4 |    26 |       |    74 |   451 |   571 |   611 |  1039 |  1367 ||  4143
         Scimitar          |       |    50 |   156 |   393 |   380 |       |       |       |       ||   979
         Unarmed           |       |       |       |     6 |       |       |     3 |       |    12 ||    21
         Double sword      |       |       |       |       |   683 |  1401 |  1337 |  1856 |  2346 ||  7623
  Throw: Dart              |       |     1 |       |     4 |    13 |       |       |       |       ||    18
         Javelin           |       |       |       |       |     4 |       |     4 |       |       ||     8
 Invoke: Receive Weapon    |       |       |       |       |     1 |       |       |       |       ||     1
         Heroism           |       |       |       |       |       |     6 |     2 |     5 |     8 ||    21
         Finesse           |       |       |       |       |       |     6 |     1 |     5 |     7 ||    19
         Duel              |       |       |       |       |       |     1 |       |       |       ||     1
Ability: Word of Chaos     |       |       |       |       |       |       |       |       |     1 ||     1
  Evoke: Wand              |       |       |       |    17 |     1 |     1 |     2 |       |       ||    21
    Use: Scroll            |       |    18 |     4 |     7 |     6 |     3 |     2 |     7 |    13 ||    60
         Potion            |       |       |       |       |     1 |     4 |     3 |       |     9 ||    17
   Stab: Distracted        |       |     1 |       |       |       |       |       |     1 |     1 ||     3
         Petrified         |       |       |       |       |     3 |       |       |       |       ||     3
         Invisible         |       |       |       |       |     1 |     1 |     1 |       |    12 ||    15
 Armour: Leather armour    |    36 |    27 |       |       |       |       |       |       |       ||    63
         Ring mail         |       |    22 |    55 |       |       |       |       |       |       ||    77
         Scale mail        |       |       |    58 |    30 |       |       |       |       |       ||    88
         Acid dragon scale |       |       |       |   193 |   270 |       |       |       |       ||   463
         Skin              |       |       |       |     2 |       |       |     9 |       |     1 ||    12
         Chain mail        |       |       |       |       |   244 |   232 |       |       |       ||   476
         Swamp dragon scal |       |       |       |       |       |   166 |       |       |       ||   166
         Plate armour      |       |       |       |       |       |   305 |   518 |   229 |       ||  1052
         Gold dragon scale |       |       |       |       |       |       |       |   507 |  1223 ||  1730
  Dodge: Dodged            |    37 |    58 |    75 |   264 |   645 |   576 |   576 |   613 |   802 ||  3646
  Block: Kite shield       |       |       |       |       |   280 |       |       |       |       ||   280
         Buckler           |       |       |       |       |     6 |       |       |       |       ||     6
         Tower shield      |       |       |       |       |    80 |  1490 |  1315 |  1789 |  2107 ||  6781

Table legend: (Time is in decaauts)
 A = Elapsed time spent in this place.
 B = Non-inter-level travel time spent in this place.
 C = Inter-level travel time spent in this place.
 D = Time resting spent in this place.
 E = Time spent auto-exploring this place.
 F = Levels seen in this place.
 G = Mean time per level.
                   A        B        C        D        E       F      G
               +--------+--------+--------+--------+--------+-----+--------+
         Total |  76074 |  68250 |   7824 |  15184 |  28787 |  57 | 1334.6 |
       Dungeon |  17116 |  14591 |   2525 |   3152 |   7815 |  15 | 1141.1 |
          Lair |   7909 |   6924 |    985 |   1308 |   4110 |   5 | 1581.8 |
         Swamp |   4778 |   4208 |    570 |   1128 |   1741 |   4 | 1194.5 |
   Spider Nest |   3515 |   3320 |    195 |    568 |   1244 |   4 |  878.8 |
  Orcish Mines |   2945 |   2686 |    259 |    687 |   1253 |   2 | 1472.5 |
   Elven Halls |   6707 |   6212 |    495 |   1141 |   2775 |   3 | 2235.7 |
        Vaults |  10105 |   8946 |   1159 |   1063 |   3764 |   5 | 2021.0 |
         Crypt |   3471 |   3261 |    210 |    747 |   1028 |   3 | 1157.0 |
        Depths |   7009 |   6114 |    895 |   1506 |   1692 |   4 | 1752.2 |
           Zot |  10299 |   9771 |    528 |   3070 |   3013 |   5 | 2059.8 |
         Abyss |    432 |    432 |      0 |    255 |      0 |   3 |  144.0 |
      Ice Cave |    890 |    890 |      0 |    435 |    155 |   1 |  890.0 |
       Volcano |    479 |    479 |      0 |    104 |    152 |   1 |  479.0 |
        Wizlab |    378 |    378 |      0 |      0 |     44 |   1 |  378.0 |
         Arena |     33 |     33 |      0 |     17 |      0 |   1 |   33.0 |
               +--------+--------+--------+--------+--------+-----+--------+

Top non-repeatable levels by time:
   Elf:3: 4200 daAuts
Vaults:5: 3479 daAuts
   Zot:4: 2541 daAuts
   Zot:2: 2433 daAuts
Depths:3: 2411 daAuts
   Zot:5: 2387 daAuts
Depths:4: 2046 daAuts
  Lair:2: 1909 daAuts
    D:14: 1886 daAuts
    D:15: 1791 daAuts
  Lair:5: 1771 daAuts
Vaults:3: 1733 daAuts
 Swamp:4: 1725 daAuts
   Orc:1: 1717 daAuts
Vaults:4: 1640 daAuts
